 Dungeon Crawl Stone Soup version 0.17-a0-744-gaa96792 (webtiles) character file.

206 RobertPalmer the Ruffian (level 5, -1/41 HPs)
             Began as a Demonspawn Chaos Knight on Apr 21, 2015.
             Killed by divine providence
             ... invoked by an orc priest
              (12 damage)
             ... on level 3 of the Dungeon.
             The game lasted 00:06:10 (2755 turns).

RobertPalmer the Ruffian (Demonspawn Chaos Knight)  Turns: 2755, Time: 00:06:11

Health: -1/41      AC:  7    Str: 13    XL:     5   Next: 53%
Magic:  5/5        EV: 11    Int: 14    God:    Xom [.....*]
Gold:   66         SH:  0    Dex: 12    Spells: 0 memorised, 4 levels left

rFire  . . .     SeeInvis .       - Unarmed
rCold  . . .     Clarity  .     a - +2 leather armour
rNeg   . . .     SustAb   .     (no shield)
rPois  .         Gourm    .     (no helmet)
rElec  .         Spirit   .     (no cloak)
rCorr  .         Warding  .     (no gloves)
rMut   .         Stasis   .     (no boots)
MR     .....                    (no amulet)
Stlth  ++........               (no ring)
                                r - +2 ring of protection

@: not resistant to hostile enchantments, unstealthy
A: talons 2, nightstalker 1
a: Renounce Religion


You were on level 3 of the Dungeon.
You worshipped Xom.
You were Xom's teddy bear.
You were hungry.

You visited 1 branch of the dungeon, and saw 3 of its levels.
You also visited: Sewer.

You collected 66 gold pieces.

Inventory:

Hand weapons
 b - a +1 blowgun
   (You took it off a kobold on level 3 of the Dungeon)
Missiles
 j - 3 poisoned needles
Armour
 a - a +2 leather armour (worn)
Jewellery
 f - an uncursed amulet of resist mutation {rMut, !d}
   (You found it on level 1 of the Dungeon)
 h - a cursed ring of teleportation {+/*tele, !d}
   (You found it on level 1 of the Dungeon)
 r - a +2 ring of protection (left hand)
   (You found it on level 3 of the Dungeon)
Scrolls
 c - a scroll of fear
 g - 2 scrolls of enchant weapon
 k - a scroll of enchant armour {unknown}
 o - 2 scrolls of immolation {!r}
 q - a scroll of recharging
Potions
 d - a potion of restore abilities {unknown}
 e - 2 potions of curing
 n - 2 potions of heal wounds {unknown}
 p - a potion of brilliance {unknown}
Comestibles
 i - 2 bread rations {@e1}
 l - a royal jelly


   Skills:
 - Level 3.0 Fighting
 - Level 1.7 Armour
 - Level 0.8 Dodging
 + Level 5.7 Unarmed Combat


You had 4 spell levels left.
You didn't know any spells.

Dungeon Overview and Level Annotations

Branches:
Dungeon (3/15)

Altars:
Sif Muna

Annotations:
D:2 Sigmund, Terence


Innate Abilities, Weirdness & Mutations

You have razor-sharp toenails.
You are slightly more attuned to the shadows.


Message History

r - a cabochon ring You found a teleport trap!
Health restored: 41
o - 2 scrolls of immolation {!r} (gained 1)
You are feeling hungry.
You open the door.
An orc comes into view. It is wielding a mace.
An orc is nearby!
There is an open door here.
The orc shouts!
The orc barely misses you.
You closely miss the orc. You hit the orc. The orc closely misses you.
You hit the orc. The orc hits you but does no damage.
You hit the orc.
You kill the orc!
No target in view!
Read which item? (? for menu, Esc to quit)
Identify which item? (\ to view known items) (? for menu, Esc to quit)
As you read the scroll of identify, it crumbles to dust.
r - a +2 ring of protection Put on which piece of jewellery? (? for menu, Esc to quit)
r - a +2 ring of protection (left hand)
You open the door.
There is an open door here.
You open the door.
Found a deep blue altar of Sif Muna.
There is an open door here.
You enter the shallow water.
Moving in this stuff is going to be slow.
There is an open door here.
An orc comes into view. It is wielding a flail.
An orc is nearby!
An orc is nearby!
An orc comes into view. It is wielding a flail.
An orc priest comes into view. It is wielding a flail.
The orc shouts!
The orc priest shouts!
The orc shouts!
The orc priest mumbles some strange prayers to Beogh.
You feel a wave of unholy energy pass over you.
You closely miss the orc. Your kick misses the orc.
The orc hits you but does no damage.
You hit the orc but do no damage. The orc closely misses you.
You aren't carrying any items that can be evoked.
b - a +1 blowgun (weapon)
Aim: an orc priest, wielding a flail and wearing a ring mail You shoot a poisoned needle.
The poisoned needle hits the orc!
The orc closely misses you.
Aim: an orc priest, wielding a flail and wearing a ring mail You shoot a poisoned needle.
The poisoned needle closely misses the orc.
The poisoned needle hits the orc!
The orc is poisoned.
The orc priest becomes somewhat translucent.
The orc hits you with a flail!
You take 8 damage, and have 33/41 hp.
Aim: an orc priest, wielding a flail and wearing a ring mail You shoot a poisoned needle.
The poisoned needle closely misses the orc.
The poisoned needle hits the orc!
The orc looks even sicker.
Aim: an orc priest, wielding a flail and wearing a ring mail You shoot a poisoned needle.
The poisoned needle hits the orc!
The orc is poisoned.
You kill the orc!
The orc hits you but does no damage.
Aim: an orc priest, wielding a flail and wearing a ring mail You shoot a poisoned needle.
The poisoned needle barely misses the orc.
The poisoned needle completely misses the orc priest.
The orc closely misses you.
Aim: an orc priest, wielding a flail and wearing a ring mail You shoot a poisoned needle.
The poisoned needle closely misses the orc.
The poisoned needle hits the orc priest!
The orc priest is poisoned.
The orc hits you with a flail.
You take 3 damage, and have 30/41 hp.
You are now empty-handed.
You hit the orc but do no damage. Your kick misses the orc.
The orc hits you with a flail!
You take 9 damage, and have 21/41 hp.
MASSIVE DAMAGE!!
You hit the orc but do no damage. Your kick misses the orc.
The orc barely misses you.
The orc priest calls upon Beogh to heal the orc.
The orc is healed somewhat.
You hit the orc. You closely miss the orc. You claw the orc, but do no damage.
You kill the orc!
You hit the orc priest but do no damage.
Your kick misses the orc priest. The orc priest hits you with a flail!
You take 7 damage, and have 15/41 hp.
You barely miss the orc priest.
You claw the orc priest, but do no damage.
The orc priest hits you with a flail.
* * * LOW HITPOINT WARNING * * *
You take 4 damage, and have 11/41 hp.
You hit the orc priest but do no damage.
You claw the orc priest.
The orc priest invokes the aid of Beogh against you.
Something smites you!
You die...

#########.#########
........^..........
....######.########
.........#.######
....####........#
........###.###.##
....#######'###..#
......###≈≈.≈≈##.#
#####.##≈≈≈.≈≈≈#@#
#.##≈≈...≈≈#o#
#.##≈≈._.≈≈#)#
#.##≈≈...≈≈#.#
#.##≈≈≈≈≈≈≈#$#
#.###≈≈≈≈≈##.# #.#
#######..# #.# .(#
#.#


You could see an orc priest.

Vanquished Creatures
  A big kobold (Sewer)
  3 adders
  2 river rats (D:3)
  2 oozes (Sewer)
  4 orcs (D:3)
  A ball python (D:2)
  5 giant cockroaches
  3 hobgoblins
  15 kobolds
  9 bats
  A giant newt (D:1)
  2 goblins
  10 rats
58 creatures vanquished.

Vanquished Creatures (others)
  A hound (D:3)
  A plant (D:3)
2 creatures vanquished.

Grand Total: 60 creatures vanquished

Notes
Turn   | Place    | Note
--------------------------------------------------------------
     0 | D:1      | RobertPalmer, the Demonspawn Chaos Knight, began the quest for the Orb.
     0 | D:1      | Reached XP level 1. HP: 18/18 MP: 1/1
    27 | D:1      | XOM: divination: magic mapping
   118 | D:1      | XOM: harmless Conj miscast
   240 | D:1      | Reached skill level 3 in Unarmed Combat
   411 | D:1      | Gained mutation: You are slightly more attuned to the shadows. [demonic ancestry]
   411 | D:1      | Reached XP level 2. HP: 22/24 MP: 2/2
   609 | D:2      | XOM: silly message
   649 | D:2      | XOM: potion effect (berserk rage)
   708 | D:2      | Gained mutation: You have sharp toenails. [demonic ancestry]
   708 | D:2      | Reached XP level 3. HP: 29/29 MP: 3/3
   729 | D:2      | Noticed Terence
   761 | D:2      | Noticed Sigmund
   939 | D:3      | Reached skill level 4 in Unarmed Combat
   997 | D:3      | XOM: silly message
  1011 | D:3      | XOM: cast spell 'Spider Form'
  1095 | D:3      | XOM: fog
  1151 | D:3      | Found a glowing drain.
  1155 | Sewer    | Entered a sewer
  1191 | Sewer    | Reached XP level 4. HP: 25/35 MP: 4/4
  1599 | Sewer    | XOM: scenery: create altars
  1662 | Sewer    | Noticed a big kobold
  1693 | Sewer    | XOM: destruction
  1703 | Sewer    | XOM: fog
  1708 | Sewer    | HP: 5/35 [kobold (4)]
  1715 | Sewer    | Killed a big kobold
  1715 | Sewer    | Reached skill level 5 in Unarmed Combat
  1715 | Sewer    | Gained mutation: You have razor-sharp toenails. [demonic ancestry]
  1715 | Sewer    | Reached XP level 5. HP: 11/41 MP: 5/5
  1715 | Sewer    | HP: 10/41 [kobold (2)]
  2318 | D:3      | XOM: enchant monster (good)
  2322 | D:3      | XOM: vitrification
  2327 | D:3      | XOM: divine lightning (protected)
  2723 | D:3      | Found a deep blue altar of Sif Muna.
  2755 | D:3      | Killed from afar by an orc priest

Action                   |  1- 3 |  4- 6 || total
-------------------------+-------+-------++-------
Melee: Unarmed           |   127 |   112 ||   239
 Fire: Blowgun           |     4 |    18 ||    22
  Use: Scroll            |     6 |     4 ||    10
       Potion            |       |     1 ||     1
 Stab: Sleeping          |     4 |     1 ||     5
  Eat: Chunk             |     2 |     4 ||     6

Vault maps used:
D:1:      ncdulo_lavacross
D:2:      lemuel_crystal_altar, uniq_terence, uniq_sigmund
D:3:      first_bread, gup_sewer_entry_spiral, serial_bayou_pond_c, led_sif_pool
Sewer:    kennysheep_pipe_town

Table legend:
 A = Turns spent in this place as a percentage of turns spent in the entire game.
 B = Non-inter-level travel turns spent in this place as a percentage of non-inter-level travel turns spent in the entire game.
 C = Inter-level travel turns spent in this place as a percentage of turns spent in this place.
 D = Turns resting spent in this place as a percentage of non-inter-level travel turns spent in this place.
 E = Turns spent auto-exploring this place as a percentage of non-inter-level travel turns spent in this place.
 F = Non-inter-level travel turns spent in this place divided by the number of levels of this place that you've seen.
                   A       B       C       D       E      F
               +-------+-------+-------+-------+-------+----------------------
         Total | 100.0 | 100.0 |   0.2 |   2.8 |   6.3 | 245.0
       Dungeon |  66.0 |  65.9 |   0.3 |   2.6 |   8.7 | 215.3
         Sewer |  34.0 |  34.1 |   0.0 |   3.0 |   1.8 | 334.0
               +-------+-------+-------+-------+-------+----------------------

Table legend:
 A = Kills in this place as a percentage of kills in entire the game.
 B = Kills by you in this place as a percentage of kills by you in the entire game.
 C = Kills by friends in this place as a percentage of kills by friends in the entire game.
 D = Other kills in this place as a percentage of other kills in the entire game.
 E = Experience gained in this place as a percentage of experience gained in the entire game.
 F = Experience gained in this place divided by the number of levels of this place that you have seen.
                   A       B       C       D       E      F
               +-------+-------+-------+-------+-------+----------------------
         Total | 100.0 | 100.0 |  -nan | 100.0 | 100.0 |  73.8
       Dungeon |  59.3 |  58.6 |  -nan | 100.0 |  42.7 |  42.0
         Sewer |  40.7 |  41.4 |  -nan |   0.0 |  57.3 | 169.0
               +-------+-------+-------+-------+-------+----------------------
